 Dungeon Crawl Stone Soup version 0.28-a0-691-gad6df49e81 (webtiles) character file.

Game seed: 7346038523450461061

200 ytrimaz the Covered (level 6, 0/40 (49) HPs)
             Began as a Formicid Fighter on Oct 22, 2021.
             Slain by a wight (1 damage)
             ... on level 4 of the Dungeon.
             The game lasted 00:03:00 (2984 turns).

ytrimaz the Covered (Formicid Fighter)              Turns: 2984, Time: 00:03:01

HP:   0/40 (49)     AC: 12    Str: 22    XL:     6   Next: 7%
MP:   6/6           EV:  9    Int:  8    God:
Gold: 80            SH:  4    Dex: 10    Spells: 5/5 levels left

rFire   . . .      SeeInvis +   a - +0 war axe
rCold   . . .      Faith    .   c - +0 buckler
rNeg    . . .      Spirit   .   b - +0 scale mail
rPois   .          Reflect  .   (helmet unavailable)
rElec   .          Harm     .   o - +2 cloak
rCorr   .          Rampage  .   i - +1 pair of gloves
Will    .....                   (no boots)
Stlth   ..........              (no amulet)
HPRegen 0.13/turn               (no ring)
MPRegen 0.10/turn               (no ring)

@: mighty, heavily drained
A: permanent stasis, dig shafts and tunnels, antennae 3, four strong arms
a: Dig, Shaft Self


You were on level 4 of the Dungeon.
You visited 1 branch of the dungeon, and saw 4 of its levels.

You collected 80 gold pieces.

Inventory:

Hand Weapons
 a - a +0 war axe (weapon)
 g - a +0 battleaxe
Missiles
 p - a throwing net
Armour
 b - a +0 scale mail (worn)
 c - a +0 buckler (worn)
 i - a +1 pair of gloves (worn)
 o - a +2 cloak (worn)
Jewellery
 q - an amulet of reflection
Wands
 h - a wand of polymorph (7)
Scrolls
 m - a scroll of identify {unknown}
 r - a scroll of vulnerability {unknown}
 s - a scroll of amnesia {unknown}
Potions
 e - a potion of lignification {unknown}
 f - 2 potions of brilliance {unknown}
 j - a potion of invisibility {unknown}
 k - a potion of attraction {unknown}
 l - a potion of ambrosia {unknown}
 n - 3 potions of curing {unknown}


   Skills:
 + Level 4.4 Fighting
 + Level 4.0 Axes
 + Level 4.7 Armour
 - Level 3.6 Shields


You had 5 spell levels left.
You didn't know any spells.
Your spell library contained the following spells:

 Spells                   Type           Power      Damage    Failure   Level
 Inner Flame              Hex/Fire       0%         N/A       97%         3
 Cause Fear               Hex            0%         N/A       100%        4
 Manifold Assault         Tloc           0%         N/A       100%        5
 Storm Form               Tmut/Air       0%         N/A       100%        7
 Discord                  Hex            0%         N/A       100%        8
 Blink                    Tloc           Unusable   N/A       N/A         2

Dungeon Overview and Level Annotations

Branches:
Dungeon (4/15)
 Temple: D:4-7

Altars:
Sif Muna
Wu Jian

Shops:
D:1 =   D:2 :


Innate Abilities, Weirdness & Mutations

You cannot be hasted, slowed, berserked, paralysed or teleported.
You can dig through walls and to a lower floor.
You have a pair of large antennae on your head. (SInv)
Your four strong arms can wield two-handed weapons with a shield.


Message History

A wight comes into view.
It is wielding a +5 trident of freezing.
You block the wight's attack.
There is an open door here.
You hit the wight but do no damage.
You hear the slow hiss of a very distant avalanche of sand.
The wight closely misses you.
You hit the wight but do no damage. The wight closely misses you.
You hit the wight.
The wight is moderately damaged.
The wight hits you with a +3 dagger. 2 wights come into view.
The wight barely misses you. The wight hits you but does no damage.
Unknown command.
You feel very mighty all of a sudden.
The wight hits you with a +5 trident of freezing.
You feel drained. The wight freezes you. The wight hits you with a +3 dagger!
You feel drained.
You closely miss the wight. You hit the wight. You block the wight's attack.
The wight completely misses you.
Unknown command.
You barely miss the wight. You closely miss the wight.
The wight hits you with a +3 dagger.
You barely miss the wight. You closely miss the wight. x2
The wight closely misses you.
The wight hits you with a +5 trident of freezing.
You feel drained. The wight freezes you. You block the wight's attack.
The wight barely misses you.
The wight hits you with a +5 trident of freezing.
The wight freezes you. The wight hits you with a +3 dagger.
* * * LOW HITPOINT WARNING * * *
You slash the wight!
The wight is severely damaged.
You hit the wight. x2; The wight closely misses you.
The wight hits you with a +4 scimitar!
* * * LOW HITPOINT WARNING * * *
You feel drained.
The wight hits you with a +5 trident of freezing.
* * * LOW HITPOINT WARNING * * *
The wight freezes you.
You die...

###########
#####.........#
###.............# ######
................# #.....
#.......###'###'###'###.
#....zzz#..#.......#..#.
{ #@#..#.......#..#.
#z'..'###+###'..+.
#.#..#.+...'.#..#.
#.#..#.#...#.#..##
#>'##'.#._.#.+##'.
....#..#.#...#.#..#.
####.#..#.+...+.#..#.
#.'..'###'###'..+.
###..#....)..#..##


You could see 4 wights.

Vanquished Creatures
  Terence (D:2)
  A hound skeleton (D:4)
  Robin (D:2)
  A gnoll (D:2)
  A howler monkey skeleton (D:2)
  5 adders
  An adder skeleton (D:2)
  2 worms (D:2)
  2 dart slugs (D:2)
  An orc (D:3)
  4 ball pythons
  9 bats
  5 endoplasms
  A giant cockroach (D:3)
  9 goblins
  11 hobgoblins
  2 jackals (D:2)
  4 kobolds
  3 quokkas
  A frilled lizard (D:3)
  6 rats
71 creatures vanquished.

Vanquished Creatures (others)
  A fungus (D:2)
  A plant (D:2)
2 creatures vanquished.

Grand Total: 73 creatures vanquished

Notes
Turn   | Place    | Note
-------+----------+-------------------------------------------
     0 | D:1      | ytrimaz the Formicid Fighter began the quest for the Orb.
     0 | D:1      | Reached XP level 1. HP: 18/18 MP: 1/1
   116 | D:1      | Reached XP level 2. HP: 23/24 MP: 2/2
   271 | D:1      | Found Koma's Jewellery Emporium.
   747 | D:2      | Found Desec's Book Shop.
   792 | D:2      | Noticed Terence
   802 | D:2      | Killed Terence
   803 | D:2      | Reached XP level 3. HP: 8/30 MP: 3/3
   806 | D:2      | Reached XP level 4. HP: 7/37 MP: 4/4
  1169 | D:2      | Noticed Robin
  1245 | D:2      | Killed Robin
  1640 | D:2      | Found a faded altar of an unknown god.
  1707 | D:2      | Reached XP level 5. HP: 42/42 MP: 5/5
  1816 | D:2      | Found an ornate altar of the Wu Jian Council.
  2916 | D:4      | Reached XP level 6. HP: 47/48 MP: 6/6
  2928 | D:4      | Found a shimmering blue altar of Sif Muna.
  2984 | D:4      | HP: 2/42 [wight (10)]
  2984 | D:4      | Slain by a wight

Illustrated notes

Levels and vault maps discovered:
D:1:      lemuel_arrival_room, layout_basic, serial_shops,
          nicolae_shop_competitors_out_of_business
D:2:      layout_basic, shapermc_ecumenical_altar_mp_ritualfount, basic_altar,
          serial_shops, shop, cheibrodos_gnoll_hut, uniq_terence, uniq_robin
D:3:      layout_loops_ring, kennysheep_donut, chequers_serial_rivers_small_3,
          grunt_decor_one_mirror
D:4:      layout_basic, mainiacjoe_overflow_24_doors,
          lightli_ossuary_entry_decrepit_ruins, minmay_tree_intersection,
          kennysheep_potato, uniq_ijyb

Skill      XL: |  1  2  3  4  5 |
---------------+----------------+-----
Armour         | 4 |  4.7
Axes           | 3 4 |  4.0
Fighting       | 4 |  4.4
Shields        | |  3.6

Action                   |  1- 3 |  4- 6 || total
-------------------------+-------+-------++-------
Melee: War axe           |    46 |   138 ||   184
       Unarmed           |       |     3 ||     3
  Use: Potion            |     1 |     1 ||     2
Armor: Scale mail        |    29 |    69 ||    98
Dodge: Dodged            |    48 |    85 ||   133
Block: Buckler           |    18 |    30 ||    48

Table legend: (Time is in decaauts)
 A = Elapsed time spent in this place.
 B = Non-inter-level travel time spent in this place.
 C = Inter-level travel time spent in this place.
 D = Time resting spent in this place.
 E = Time spent auto-exploring this place.
 F = Levels seen in this place.
 G = Mean time per level.
                   A        B        C        D        E       F      G
               +--------+--------+--------+--------+--------+-----+--------+
         Total |   3032 |   2972 |     60 |    589 |   1789 |   4 |  758.0 |
       Dungeon |   3032 |   2972 |     60 |    589 |   1789 |   4 |  758.0 |
               +--------+--------+--------+--------+--------+-----+--------+

Top non-repeatable levels by time:
     D:2: 1406 daAuts
     D:3: 764 daAuts
     D:1: 752 daAuts
     D:4: 109 daAuts
